 Dungeon Crawl Stone Soup version 0.20.2-3-g29329e0561 (webtiles) character file.

231 Alfie the Shooter (level 5, 0/44 HPs)
             Began as a Minotaur Hunter on Apr 28, 2020.
             Slain by a hippogriff (3 damage)
             ... on level 4 of the Dungeon.
             The game lasted 00:12:36 (2685 turns).

Alfie the Shooter (Minotaur Hunter)                 Turns: 2685, Time: 00:12:37

Health: 0/44       AC:  5    Str: 17    XL:     5   Next: 73%
Magic:  4/4        EV: 12    Int:  8    God:
Gold:   131        SH:  0    Dex: 11    Spells: 4/4 levels left

rFire    . . .     SeeInvis .   a - +2 shortbow
rCold    . . .     Gourm    .   (shield currently unavailable)
rNeg     . . .     Faith    .   c - +0 leather armour
rPois    +         Spirit   .   (helmet restricted)
rElec    .         Reflect  .   (no cloak)
rCorr    .         Harm     .   b - +0 pair of gloves
MR       .....                  n - +0 pair of boots
Stlth    ++........             (no amulet)
Regen    0.2/turn               p - ring of poison resistance
MPRegen  0.1/turn               u - ring of stealth

@: no status effects
A: retaliatory headbutt, horns 2
a: no special abilities


You were on level 4 of the Dungeon.
You were not hungry.

You visited 1 branch of the dungeon, and saw 4 of its levels.

You collected 131 gold pieces.

Inventory:

Hand Weapons
 a - a +2 shortbow (weapon)
 w - a +1 short sword of venom
Missiles
 d - 32 arrows (quivered)
 g - 8 tomahawks
Armour
 b - a +0 pair of gloves (worn)
 c - a +0 leather armour (worn)
 n - a +0 pair of boots (worn)
Jewellery
 p - a ring of poison resistance (left hand)
 u - a ring of stealth (right hand)
 v - an uncursed ring of wizardry {unknown}
Scrolls
 e - a scroll of magic mapping
 i - 4 scrolls of identify
 j - a scroll of amnesia
 k - a scroll of blinking {unknown}
 l - 5 scrolls of remove curse
 r - 2 scrolls of teleportation
Potions
 s - 2 potions of magic {unknown}
 t - a potion of invisibility {unknown}
Comestibles
 f - 2 bread rations
 h - 2 meat rations
 m - a royal jelly


   Skills:
 + Level 2.8 Fighting
 + Level 2.0 Short Blades
 + Level 6.7 Bows
 + Level 1.7 Armour
 + Level 2.6 Dodging
 + Level 1.1 Stealth


You had 4 spell levels left.
You didn't know any spells.

Dungeon Overview and Level Annotations

Branches:
Dungeon (4/15)
 Temple: D:4-7

Altars:

Annotations:
D:4 2 runed doors


Innate Abilities, Weirdness & Mutations

You reflexively headbutt those who attack you in melee.
You have a pair of horns on your head.


Message History

The hippogriff bites you.
The hippogriff pecks you but does no damage.
The hippogriff claws you.
Firing (i - inventory. (,) - cycle):
d - 34 arrows (quivered)
Press: ? - help, Shift-Dir - straight line, f/p - hippogriff
Aim: a hippogriff (almost dead)
You shoot an arrow. The arrow barely misses the hippogriff.
The hippogriff barely misses you.
The hippogriff pecks you but does no damage.
The hippogriff claws you.
* * * LOW HITPOINT WARNING * * *
Firing (i - inventory. (,) - cycle):
d - 33 arrows (quivered)
Press: ? - help, Shift-Dir - straight line, f/p - hippogriff
Aim: a hippogriff (almost dead)
You shoot an arrow. The arrow hits the hippogriff.
The hippogriff is almost dead.
The hippogriff bites you!
* * * LOW HITPOINT WARNING * * *
The hippogriff closely misses you. The hippogriff claws you.
You die...

#.............>..#
#.##.##...........#
#.#................#
#...######..######...
#..##( #### #..
#..#(### #..#(#.##
##.#H##.# #.#@#.##
#.##...# #..###'#
##.....# ####.## #.#
#.+ #.+ #.#


You could see a hippogriff.

Vanquished Creatures
  A crimson imp (D:4)
  An orc wizard (D:4)
  Terence (D:2)
  4 gnolls (D:3)
  4 adders
  2 dart slugs (D:3)
  A leopard gecko (D:3)
  2 orcs (D:4)
  3 ball pythons
  7 giant cockroaches
  11 goblins
  7 hobgoblins
  2 jackals (D:4)
  7 kobolds
  A quokka (D:2)
  3 bats (D:1)
  12 frilled lizards
  8 rats
77 creatures vanquished.

Notes
Turn   | Place    | Note
-------+----------+-------------------------------------------
     0 | D:1      | Alfie the Minotaur Hunter began the quest for the Orb.
     0 | D:1      | Reached XP level 1. HP: 18/18 MP: 0/0
   177 | D:1      | Reached XP level 2. HP: 25/25 MP: 1/1
   227 | D:1      | Reached skill level 5 in Bows
   888 | D:2      | Reached XP level 3. HP: 30/30 MP: 2/2
   996 | D:2      | Noticed Terence
  1013 | D:2      | Killed Terence
  1013 | D:2      | Reached skill level 1 in Armour
  1192 | D:2      | Reached XP level 4. HP: 37/37 MP: 3/3
  1216 | D:2      | Reached skill level 1 in Short Blades
  1634 | D:3      | Reached skill level 1 in Stealth
  2031 | D:3      | Reached XP level 5. HP: 42/42 MP: 4/4
  2085 | D:3      | Reached skill level 6 in Bows
  2653 | D:4      | Found a large runed door.
  2653 | D:4      | Found a large runed door.
  2672 | D:4      | Noticed a hippogriff
  2685 | D:4      | Slain by a hippogriff

Skill      XL: |  1  2  3  4  5 |
---------------+----------------+-----
Bows           | 5 6 |  6.7
Armour         | 1 |  1.7
Short Blades   | 1 2 |  2.0
Stealth        | 1 |  1.1
Fighting       | |  2.8
Dodging        | |  2.6

Action                   |  1- 3 |  4- 6 || total
-------------------------+-------+-------++-------
Melee: Short sword       |    53 |    60 ||   113
       Headbutt          |     5 |     8 ||    13
 Fire: Shortbow          |    35 |    75 ||   110
  Use: Scroll            |       |    12 ||    12
       Potion            |       |     2 ||     2
  Eat: Fruit             |     1 |     3 ||     4
       Bread ration      |       |     1 ||     1
Armor: Leather armour    |    23 |    16 ||    39
Dodge: Dodged            |    55 |    59 ||   114
